 Dungeon Crawl Stone Soup version 0.18-a0-1485-g189885c (webtiles) character file.

154 GrosslyIncandescent the Cudgeler (level 5, -4/32 HPs)
             Began as a Gargoyle Chaos Knight on Mar 3, 2016.
             Killed by divine providence
             ... invoked by an orc priest
              (11 damage)
             ... on level 4 of the Dungeon.
             The game lasted 00:03:10 (2084 turns).

GrosslyIncandescent the Cudgeler (GrCK)             Turns: 2084, Time: 00:03:11

Health: -4/32      AC: 10    Str: 15    XL:     5   Next: 35%
Magic:  14/14      EV: 11    Int: 13    God:    Xom [....*.]
Gold:   138        SH:  0    Dex: 10    Spells: 0 memorised, 4 levels left

rFire  . . .     SeeInvis .     a - +0 mace (chaos)
rCold  . . .     Gourm    .     b - +2 leather armour
rNeg   + . .     Faith    .     (no shield)
rPois  ∞         Spirit   .     (no helmet)
rElec  +         Dismiss  .     (no cloak)
rCorr  .         Reflect  .     (no gloves)
SustAt .         Harm     .     j - +0 pair of boots
MR     .....                    (no amulet)
Stlth  +.........               (no ring)
                                i - ring of magical power

@: not resistant to hostile enchantments, very unstealthy
A: negative energy resistance 1, electricity resistance, unbreathing,
petrification resistance, rot immunity, AC +4
a: Renounce Religion


You were on level 4 of the Dungeon.
You worshipped Xom.
You were a beloved toy of Xom.
You were not hungry.

You visited 1 branch of the dungeon, and saw 4 of its levels.

You collected 138 gold pieces.


Innate Abilities, Weirdness & Mutations

You are resistant to torment.
Your stone body is resilient (AC +4).
You are immune to poison.
You resist negative energy.
You are resistant to electric shocks.
You can survive without breathing.
You are immune to petrification.
You are immune to rotting.


   Skills:
 - Level 3.2 Fighting
 + Level 5.9 Maces & Flails
 - Level 2.1 Armour
 - Level 0.7 Dodging


You had 4 spell levels left.
You didn't know any spells.

Inventory:

Hand Weapons
 a - a +0 mace of chaos (weapon)
Armour
 b - a +2 leather armour (worn)
 j - a +0 pair of boots (worn)
Jewellery
 i - a ring of magical power (left hand)
Wands
 u - a wand of digging (5/24)
Scrolls
 e - 2 scrolls of random uselessness {unknown}
 g - 5 scrolls of remove curse {unknown}
 h - 5 scrolls of identify {unknown}
 m - 4 scrolls of teleportation {unknown}
 q - a scroll of magic mapping {unknown}
 r - a scroll of fog {unknown}
 t - a scroll of blinking {unknown}
Potions
 d - a potion of ambrosia {unknown}
 f - a potion of resistance {unknown}
 l - a potion of haste {unknown}
 n - 2 potions of lignification {unknown}
 o - 3 potions of degeneration {unknown}
 p - 2 potions of curing {unknown}
 s - a potion of heal wounds {unknown}
Comestibles
 c - 2 bread rations
 k - 2 meat rations

Dungeon Overview and Level Annotations

Branches:
Dungeon (4/15)
 Temple: D:4-7

Altars:
Cheibriados
Fedhas
Nemelex Xobeh
Okawaru
Vehumet
Yredelemnul

Annotations:
D:4 Menkaure

▒..▒▒< ▒.............. ....▒.▒
▒▒ ....▒...▒..... ....... .. .
▒▒>....... ....... ▒.
▒▒▒▒▒▒...▒▒▒▒▒
.......▒▒▒▒▒.▒▒▒▒........▒▒▒▒▒
...?..o.......................
▒.▒▒ ▒.........▒▒...▒▒▒
▒Mo▒▒▒▒.▒▒▒▒▒...▒▒▒▒..▒▒
▒▒▒▒▒..o..8.▒▒ ▒.▒▒▒ ▒▒.<.
▒......?......▒▒▒.▒ ▒▒▒▒
..▒▒.....▒▒.......▒ ▒
▒...▒▒▒▒▒▒▒...▒▒▒▒ ▒ ...▒▒
▒......▒ ▒ ▒.. ▒...▒▒.....▒ ▒▒
▒..▒▒▒ ▒▒▒..▒ ...▒ ... .. ...
.. ▒..▒▒


You could see Menkaure and 2 orc priests.


Message History

Menkaure gestures at you while chanting!
Pain shoots through your body!!! The orc barely misses you!
Found a scroll labeled JEIHU ROSKUJ!
You flatten the orc like a pancake!
The orc seems to slow down!
The orc is heavily wounded!
The orc wizard looks braver for a moment!
The orc priest casts a cantrip, but nothing happens!
You hammer the orc like a gong!!!
You annihilate the orc!!!
The orc priest calls down the wrath of Beogh upon you!
Beogh smites you!!! * * * don't die
* * * You are too injured to fight recklessly!!!
Unknown command!
The orc wizard gestures wildly while chanting!
The orc wizard flickers and vanishes!!!
Deactivating autopickup; reactivate with Ctrl-A!
Evoke which item? (* to show all) (? for menu, Esc to quit)
Okay, then!
Menkaure giggles, "These cerements are ticklish!!!"
The orc priest mumbles some strange prayers to Beogh against you!
Beogh smites you!!! * * * don't die
* * * Menkaure calls on the powers of darkness!!!
The orc priest convulses!!!
Your body is wracked with pain!!! * * * don't die
* * * The orc priest calls down the wrath of Beogh upon you!
Beogh smites you!!! rip Xom is highly amused!!!

Action                   |  1- 3 |  4- 6 || total
-------------------------+-------+-------++-------
Melee: Mace              |   127 |    81 ||   208
  Eat: Chunk             |     1 |     3 ||     4

Vault maps used:
D:1:      tarquinn_simple_flora_water_b
D:2:      kennysheep_okawaru_gauntlet, lemuel_round_altar,
          lemuel_zombie_altar_yredelemnul, overflow_temple_1_default,
          overflow_temple_1_default
D:3:      vehumet_crystals, first_bread, st_stairs_1, grunt_decor_mini_mirrors,
          uniq_iyjb
D:4:      gammafunk_temple_overflow_wave, lemuel_round_altar, tso_metal_star,
          uniq_menkaure

Notes
Turn   | Place    | Note
--------------------------------------------------------------
     0 | D:1      | GrosslyIncandescent the Gargoyle Chaos Knight began the quest for the Orb.
     0 | D:1      | Reached XP level 1. HP: 14/14 MP: 1/1
    13 | D:1      | XOM: divination: detect items
   142 | D:1      | XOM: harmless Air miscast
   211 | D:1      | Reached XP level 2. HP: 16/19 MP: 2/2
   385 | D:1      | XOM: silly message
   630 | D:2      | Reached skill level 4 in Maces & Flails
   662 | D:2      | Reached XP level 3. HP: 21/23 MP: 3/3
   761 | D:2      | Found a blossoming altar of Fedhas.
   765 | D:2      | Found a snail-covered altar of Cheibriados.
   860 | D:2      | Found a basalt altar of Yredelemnul.
   872 | D:2      | XOM: 2-stop teleportation journey
   889 | D:2      | XOM: divination: detect creatures
  1068 | D:2      | Found a sparkling altar of Nemelex Xobeh.
  1164 | D:2      | Found an iron altar of Okawaru.
  1273 | D:3      | Found a radiant altar of Vehumet.
  1291 | D:3      | Reached XP level 4. HP: 25/28 MP: 4/4
  1366 | D:3      | Reached skill level 5 in Maces & Flails
  1684 | D:3      | XOM: 1-stop teleportation journey
  1802 | D:3      | Noticed Ijyb
  1805 | D:3      | XOM: summons 4 friendly demons
  1811 | D:3      | Killed Ijyb
  1811 | D:3      | Reached XP level 5. HP: 26/32 MP: 5/5
  2074 | D:4      | Noticed Menkaure
  2084 | D:4      | Killed from afar by an orc priest

Vanquished Creatures
  An iguana (D:3)
  Ijyb (D:3)
  5 adders
  2 worms
  8 orcs
  4 giant cockroaches
  6 goblins
  5 hobgoblins
  5 jackals
  2 ball pythons
  8 bats
  5 giant newts
  2 gnoll zombies (D:2)
  6 kobolds
  4 rats
64 creatures vanquished.

Vanquished Creatures (collateral kills)
  An adder (D:3)
  A bat (D:3)
  A giant newt (D:3)
  A rat (D:3)
4 creatures vanquished.

Grand Total: 68 creatures vanquished
